AoeStats
← True

Arena

508215670Analyzed
4v4 RM · 12d ago on Sep 21, 2026· 47m 57s· 8 players
Game mode
Random Map
Map size
Large (8 player)
Population
200
Speed
Normal
Resources
Standard
Victory
Conquest
Starting age
Dark Age
Ending age
Imperial Age
RankedLock teamsTeams togetherTeam positionsShared explorationLock speedFull tech treeHidden civsTurbo modeCheats
Victory
Defeat
🇪🇸 Italians · Spain
1270
+14
🇬🇧 Mongols · United Kingdom
1255
+14
🇳🇱 Cumans · Netherlands
1242
+15
🇸🇪 Britons · Sweden
1222
+15
🇨🇳 Chinese · China
1220
-15
🇭🇰 Burgundians · Hong Kong SAR China
1218
-15
🇭🇰 Spanish · Hong Kong SAR China
1211
-14
🇦🇺 Turks · Australia
1209
-14
True
10:49 Feudal Age
11:23 Double-Bit Axe
16:29 Castle Age
14:22 Horse Collar
17:30 Bow Saw
17:22 Heavy Plow
18:23 Stone Mining
20:42 Wheelbarrow
21:05 Gold Mining
25:05 Gold Shaft Mining
25:14 Hand Cart
24:46 Town Watch
25:03 Loom
25:58 Fortified Wall
26:40 Fortified Wall
27:19 Fletching
27:57 Masonry
29:22 Ballistics
30:14 Yeomen
30:11 Bodkin Arrow
33:47 Imperial Age
37:44 Imperial Age
39:38 Conscription
42:23 Bracer
42:24 Padded Archer Armor
44:13 Elite Longbowman
46:21 Chemistry
46:39 Leather Archer Armor
48:07 Ring Archer Armor
Chianti | AwE
10:13 Feudal Age
12:18 Wheelbarrow
14:56 Castle Age
13:27 Double-Bit Axe
14:03 Horse Collar
15:54 Bow Saw
15:55 Heavy Plow
18:09 Stone Mining
24:49 Hand Cart
24:40 Loom
25:46 Fletching
25:57 Padded Archer Armor
27:07 Bodkin Arrow
27:27 Leather Archer Armor
29:01 Ballistics
31:49 Imperial Age
29:43 Husbandry
30:25 Thumb Ring
32:05 Elite Mangudai
33:21 Gold Mining
34:10 Stone Shaft Mining
33:51 Bloodlines
33:02 Light Cavalry
34:31 Parthian Tactics
35:49 Gold Shaft Mining
37:51 Chemistry
36:58 Bracer
37:58 Drill
37:27 Capped Ram
38:35 Forging
38:31 Scale Barding Armor
38:52 Conscription
38:34 Siege Ram
43:15 Siege Engineers
MCasals
8:34 Loom
10:22 Feudal Age
11:11 Double-Bit Axe
13:05 Fletching
23:10 Castle Age
21:19 Gold Mining
23:49 Bodkin Arrow
25:53 Fervor
26:04 Sanctity
29:03 Horse Collar
36:05 Wheelbarrow
40:04 Imperial Age
38:30 Thumb Ring
40:56 Bracer
41:19 Ballistics
41:22 Conscription
41:06 Padded Archer Armor
41:43 Bow Saw
42:46 Chemistry
43:50 Leather Archer Armor
Japie05
9:24 Feudal Age
11:29 Double-Bit Axe
20:32 Castle Age
19:38 Loom
20:29 Wheelbarrow
20:53 Wheelbarrow
20:44 Scale Barding Armor
22:01 Chain Barding Armor
21:51 Bow Saw
21:23 Horse Collar
21:56 Forging
22:26 Heavy Plow
22:51 Bloodlines
24:49 Gold Mining
27:54 Iron Casting
28:21 Gold Shaft Mining
30:57 Hand Cart
30:45 Stone Mining
33:04 Capped Ram
41:38 Imperial Age
39:56 Steppe Husbandry
40:54 Coinage
41:21 Fletching
42:09 Bodkin Arrow
43:02 Conscription
43:20 Hoardings
43:22 Plate Barding Armor
43:48 Blast Furnace
42:47 Elite Steppe Lancer
43:26 Siege Ram
44:51 Padded Archer Armor
47:16 Chemistry
46:37 Ballistics
46:27 Masonry
47:57 Leather Archer Armor
47:42 Scale Mail Armor
47:09 Cavalier
火之神神樂
0:43 Loom
12:28 Feudal Age
16:41 Castle Age
14:53 Double-Bit Axe
15:46 Horse Collar
17:19 Wheelbarrow
27:43 Bow Saw
28:43 Ballistics
28:58 Heavy Plow
30:43 Fortified Wall
31:00 Gold Mining
33:42 Padded Archer Armor
34:37 Murder Holes
34:37 Stone Mining
37:23 Imperial Age
37:02 Hand Cart
37:51 Masonry
37:04 Pikeman
38:03 Scale Barding Armor
38:08 Forging
38:26 Conscription
39:23 Two-Man Saw
38:59 Elite Skirmisher
39:43 Husbandry
39:53 Bloodlines
39:04 Cavalier
41:28 Light Cavalry
43:14 Chain Barding Armor
43:30 Iron Casting
43:48 Pikeman
44:14 Arson
44:21 Halberdier
45:05 Scale Mail Armor
45:41 Plate Barding Armor
44:56 Fletching
45:22 Leather Archer Armor
46:06 Architecture
47:18 Blast Furnace
無雙戰神-呂布
6:28 Double-Bit Axe
6:51 Loom
12:32 Feudal Age
17:11 Castle Age
16:42 Bow Saw
17:04 Horse Collar
17:31 Gold Mining
18:06 Heavy Plow
18:26 Husbandry
19:57 Cavalier
21:36 Scale Barding Armor
23:12 Gold Shaft Mining
24:32 Wheelbarrow
24:38 Chain Barding Armor
25:50 Forging
27:12 Hand Cart
28:00 Stone Mining
29:19 Iron Casting
30:23 Stone Shaft Mining
29:56 Fletching
33:34 Crop Rotation
37:42 Imperial Age
35:23 Burgundian Vineyards
36:04 Light Cavalry
38:27 Fortified Wall
38:27 Masonry
38:27 Hussar
39:45 Plate Barding Armor
39:17 Paladin
40:49 Conscription
42:00 Blast Furnace
44:01 Two-Man Saw
45:36 Coinage
46:55 Banking
47:44 Bodkin Arrow
47:49 Padded Archer Armor
48:12 Ballistics
48:53 Chemistry
47:34 Treadmill Crane
48:25 Architecture
炎帝
11:54 Feudal Age
12:21 Double-Bit Axe
12:29 Gold Mining
12:21 Horse Collar
17:37 Castle Age
23:24 Imperial Age
21:37 Stone Mining
28:42 Town Watch
32:59 Padded Archer Armor
33:12 Fortified Wall
34:27 Wheelbarrow
33:37 Loom
33:53 Town Patrol
35:25 Gold Shaft Mining
35:34 Bombard Tower
36:22 Masonry
38:30 Artillery
40:45 Heavy Plow
41:19 Treadmill Crane
42:45 Fletching
44:31 Hand Cart
48:14 Bow Saw
巨大的问号
0:31 Loom
8:44 Feudal Age
10:54 Fletching
17:01 Double-Bit Axe
17:52 Horse Collar
24:43 Castle Age
24:41 Gold Mining
24:49 Stone Mining
25:50 Bow Saw
26:17 Wheelbarrow
26:05 Scale Mail Armor
26:18 Forging
Connection lost

Rejoining the realm…

Still unreachable

The connection could not be restored.

Session expired

The server has moved on; the page needs a fresh start.